 Dungeon Crawl Stone Soup version 0.30-a0-860-g512cf1e979 (webtiles) character file.

Game seed: 947893300168283368

10795 BubbleThief the Fighter (level 11, 0/109 HPs)
             Began as a Naga Venom Mage on Mar 7, 2023.
             Was a Believer of Vehumet.
             Slain by a skyshark (3 damage)
             ... on level 2 of the Lair of Beasts on Mar 8, 2023.
             The game lasted 00:22:55 (10857 turns).

BubbleThief the Fighter (Naga Venom Mage)          Turns: 10857, Time: 00:22:56

Health: 0/109      AC:  6    Str: 10    XL:     11   Next: 67%
Magic:  7/20       EV:  9    Int: 21    God:    Vehumet [**....]
Gold:   453        SH: 13    Dex: 11    Spells: 12/22 levels left

rFire   . . .      SeeInvis +    e - +2 dagger (venom)
rCold   + . .      Faith    .    l - +3 buckler
rNeg    . . .      Spirit   .    z - +0 troll leather armour {Pargi}
rPois   +          Reflect  +    (no helmet)
rElec   .          Rampage  .    h - +0 cloak
rCorr   +                        (no gloves)
Will    +....                    (no barding)
Stlth   ++                       B - amulet of reflection
HPRegen 1.18/turn                c - ring of protection from cold
MPRegen 0.17/turn                s - ring of resist corrosion

@: radiating poison, slowed, very slow
A: AC +3, large, see invisible, deformed body, poison resistance, slowness 2,
spit poison 1, naga tail 1
a: Spit Poison, Renounce Religion


You were on level 2 of the Lair of Beasts.
You worshipped Vehumet.
Vehumet was pleased with you.
You visited 3 branches of the dungeon, and saw 12 of its levels.
You also visited: Sewer.

You collected 779 gold pieces.
You spent 326 gold pieces at shops.

Inventory:

Hand Weapons
 e - a +2 dagger of venom (weapon)
 v - a +5 long sword
 F - a +3 rapier
Armour
 h - a +0 cloak (worn)
 l - a +3 buckler (worn)
 z - a +0 troll leather armour (worn) {Pargi}
 H - the +4 pair of gloves of the Locust {Harm +Inv}
   (You found it on level 9 of the Dungeon)

   +Inv:      It lets you turn invisible.
   Harm:      It increases damage dealt and taken.
Magical Staves
 m - a staff of conjuration
Jewellery
 c - a ring of protection from cold (left hand)
 s - a ring of resist corrosion (right hand)
 B - an amulet of reflection (around neck)
Wands
 p - a wand of quicksilver (1)
 y - a wand of flame (12)
 I - a wand of roots (1)
Scrolls
 f - 6 scrolls of teleportation
 i - a scroll of identify
 j - a scroll of enchant armour
 k - 5 scrolls of enchant weapon {unknown}
 n - 2 scrolls of immolation {unknown}
 t - a scroll of torment {unknown}
 w - a scroll of poison {unknown}
 x - 2 scrolls of brand weapon {unknown}
 D - 2 scrolls of magic mapping {unknown}
 G - a scroll of amnesia
Potions
 b - 2 potions of magic
 d - a potion of flight
 g - 7 potions of haste
 o - 5 potions of brilliance
 q - a potion of curing
 r - 3 potions of berserk rage
 u - 2 potions of heal wounds
 A - 4 potions of lignification
 C - a potion of mutation
Miscellaneous
 a - a phantom mirror
 E - a box of beasts (inert)


   Skills:
 + Level 10.2 Fighting
 - Level 1.5 Dodging
 - Level 3.0 Stealth
 + Level 7.9 Shields
 - Level 6.0 Spellcasting
 - Level 6.0 Conjurations
 - Level 1.0 Transmutations
 - Level 6.1 Air Magic
 - Level 9.0 Poison Magic


You had 12 spell levels left.
You knew the following spells:

 Your Spells              Type           Power      Damage    Failure   Level
a - Sting                 Tmut/Pois      100%       1d8       1%          1
b - Mephitic Cloud        Conj/Pois/Air  35%        N/A       2%          3
c - Olgreb's Toxic Radia  Pois           44%        N/A       3%          4
d - Static Discharge      Conj/Air       62%        2-5/arc   1%          2

Your spell library contained the following spells:

 Spells                   Type           Power      Damage    Failure   Level
 Momentum Strike          Conj/Tloc      38%        3d9       7%          2
 Poisonous Vapours        Pois/Air       76%        N/A       1%          2
 Cigotuvi's Dreadful Rot  Necr/Pois/Air  54%        N/A       3%          2
 Wereblood                Tmut           10%        N/A       16%         2
 Sublimation of Blood     Necr           6%         N/A       24%         2
 Frozen Ramparts          Ice            12%        1d2       43%         3
 Alistair's Intoxication  Tmut/Pois      18%        N/A       50%         5
 Ice Form                 Ice/Tmut       8%         N/A       77%         4
 Petrify                  Tmut/Erth      8%         N/A       77%         4
 Dispel Undead            Necr           6%         3d8       83%         4
 Summon Ice Beast         Ice/Summ       6%         N/A       83%         4
 Death Channel            Necr           3%         N/A       100%        6
 Summon Hydra             Summ           3%         N/A       100%        7
 Maxwell's Capacitive Co  Air            15%        ∞         100%        8


Dungeon Overview and Level Annotations

Branches:
Dungeon (9/15)             Temple (1/1) D:7            Lair (2/5) D:9
  Sewer (visited)
  Swamp: Lair:2-3    Shoals: Lair:2-3     Snake: Lair:2-3    Spider: Lair:2-3
    Orc: D:9-12

Altars:
Ashenzari
Dithmenos
Gozag
Hepliaklqana
Kikubaaqudgha
Nemelex Xobeh
Ru
Trog
Uskayaw
Vehumet
Xom
Zin
The Shining One

Shops:
D:6 [*   D:7 *

Annotations:
D:5 3 runed translucent doors, Dittersdorf's ghost, novice GrFi
D:6 Maggie


Innate Abilities, Weirdness & Mutations

Your serpentine skin is tough. (AC +3)
You have supernaturally acute eyesight. (SInv)
Armour fits poorly on your strangely shaped body.
Your system is resistant to poisons. (rPois)
You cover ground very slowly.
You can spit poison.
You have a snake-like lower body.


Message History

You begin to radiate toxic energy.
The giant cockroach is poisoned. x2
The scorpion is poisoned.
The blink frog is poisoned.
The skyshark looks as sick as possible!
The giant cockroach looks even sicker.
You kill the giant cockroach!
Vehumet accepts your kill.
The blink frog looks even sicker.
You kill the giant cockroach!
Vehumet accepts your kill.
You feel your power returning.
The blink frog blinks!
You block the skyshark's attack. x2; The skyshark tail-slaps you.
Unknown command.
Casting: Olgreb's Toxic Radiance (dangerous; 3% risk of failure)
Confirm with . or Enter, or press ? or * to list all spells.
Aiming: Mephitic Cloud (mildly dangerous; 2% risk of failure)
Press: ? - help, Shift-Dir - straight line, f/p - skyshark
Aim: a skyshark (severely wounded, strong, extremely poisoned, chance to affect: 53%)
The ball explodes into a vile cloud!
The stinking cloud engulfs the skyshark but does no damage.
The skyshark is severely wounded.
The stinking cloud engulfs you but does no damage.
The blink frog looks even sicker.
The skyshark is engulfed in noxious fumes.
You block the skyshark's attack. The skyshark tail-slaps you!
The skyshark barely misses you.
Unknown command.
Unknown command.
You barely miss the skyshark.
The skyshark is severely wounded.
The blink frog looks as sick as possible!
The skyshark looks as sick as possible!
You kill the blink frog!
Vehumet accepts your kill.
You feel your power returning.
A torpor snail comes into view.
Being near the torpor snail leaves you feeling lethargic.
The skyshark is engulfed in noxious fumes.
The skyshark appears confused.
The skyshark bites you!!
* * * LOW HITPOINT WARNING * * *
The skyshark enters a blood-rage!
The skyshark tail-slaps you.
You die...

~#~... ##...............
#~~~.##..............#.#
~≈≈~~.................#?
~≈≈~.#.................#
≈≈~~...P................
≈≈~...#.................
≈~~.............☼.††....
≈~..............@l.s...w
~~.###...........○......
~†.# ##.................
~.## #.................
~..# #.................
.~## ##..............##
.#### #.............##
..#.. ....##
##..........P## .....
.....#####........###
#...#


You could see a skyshark (berserk, confused, extremely poisoned), a torpor snail
and a scorpion (poisoned).

Vanquished Creatures
  A two-headed ogre (D:9)
  A boulder beetle (D:9)
  2 black mambas
  2 komodo dragons
  A rime drake (Lair:2)
  Prince Ribbit (D:8)
  5 blink frogs (Lair:2)
  A vampire (D:9)
  14 yaks
  3 steam dragons
  Duvessa (D:6)
  5 water moccasins
  Pargi (Sewer)
  A black bear (D:5)
  3 ice beasts
  2 orc warriors (D:9)
  A sky beast (D:6)
  2 ogres
  6 centaurs
  2 kobold brigands
  6 bullfrogs
  A scorpion (D:6)
  5 wights (D:9)
  Dowan (D:6)
  9 killer bees
  2 howler monkeys (D:9)
  3 orc priests
  2 hounds
  A gnoll bouda (D:7)
  3 iguanas
  6 orc wizards
  A sleepcap (D:5)
  9 adders
  9 gnolls
  2 white imps (D:7)
  An ufetubus (D:6)
  2 worms
  2 dart slugs (D:2)
  21 orcs
  11 endoplasms
  4 giant cockroaches
  4 hobgoblins
  5 jackals
  13 kobolds
  3 quokkas
  6 ball pythons
  15 bats
  4 frilled lizards
  11 goblins
  2 rats (D:2)
219 creatures vanquished.

Vanquished Creatures (collateral kills)
  A hydra (Lair:2)
1 creature vanquished.

Vanquished Creatures (others)
  A bush (D:6)
  A fungus (Lair:2)
  11 plants
13 creatures vanquished.

Grand Total: 233 creatures vanquished

Notes
Turn   | Place    | Note
-------+----------+-------------------------------------------
     0 | D:1      | BubbleThief the Naga Venom Mage began the quest for the
                  | Orb.
     0 | D:1      | Reached XP level 1. HP: 15/15 MP: 3/3
   365 | D:1      | Reached XP level 2. HP: 22/22 MP: 5/5
   966 | D:2      | Found a faded altar of an unknown god.
   977 | D:2      | Reached skill level 5 in Poison Magic
  1050 | D:2      | Reached XP level 3. HP: 28/28 MP: 6/6
  1338 | D:2      | Reached XP level 4. HP: 33/36 MP: 3/8
  1968 | D:2      | Learned a level 3 spell: Mephitic Cloud
  1973 | D:2      | Learned a level 4 spell: Olgreb's Toxic Radiance
  2237 | D:3      | Found a glowing silver altar of Zin.
  2619 | D:3      | Found a sacrificial altar of Ru.
  2855 | D:4      | Reached XP level 5. HP: 42/42 MP: 4/9
  3102 | D:4      | Got Jocepex's Secrets of the Tempest and Transmogrification
  3646 | D:5      | Entered Level 5 of the Dungeon
  3730 | D:5      | Reached skill level 1 in Fighting
  3730 | D:5      | Reached XP level 6. HP: 51/51 MP: 3/11
  3846 | D:5      | Noticed a steam dragon
  3861 | D:5      | Killed a steam dragon
  3862 | D:5      | Reached skill level 2 in Fighting
  3973 | D:5      | Reached skill level 3 in Fighting
  3995 | D:5      | Reached XP level 7. HP: 62/62 MP: 7/13
  4134 | D:5      | Reached skill level 4 in Fighting
  4206 | D:5      | Found a sparkling altar of Nemelex Xobeh.
  4210 | D:5      | Found a runed translucent gate.
  4210 | D:5      | Found a runed translucent gate.
  4210 | D:5      | Found a runed translucent gate.
  4255 | D:5      | Noticed Dittersdorf's ghost (novice GrFi)
  5074 | D:6      | Found a glowing drain.
  5084 | D:6      | Reached skill level 5 in Fighting
  5094 | Sewer    | Entered a sewer
  5177 | Sewer    | Noticed Pargi
  5188 | Sewer    | Killed Pargi
  5189 | Sewer    | Reached skill level 1 in Shields
  5314 | D:6      | Noticed an unseen horror
  5315 | D:6      | Noticed a wyvern
  5369 | D:6      | Reached XP level 8. HP: 57/76 MP: 1/14
  5515 | D:6      | Reached skill level 6 in Fighting
  5535 | D:6      | Found Gozag's Platinum Reserve.
  5539 | D:6      | Learned a level 2 spell: Static Discharge
  5542 | D:6      | Found an opulent altar of Gozag.
  5653 | D:6      | Reached skill level 1 in Conjurations
  5653 | D:6      | Reached skill level 1 in Air Magic
  5655 | D:6      | Noticed Duvessa
  5664 | D:6      | Noticed Dowan
  5673 | D:6      | Killed Duvessa
  5674 | D:6      | Killed Dowan
  5906 | D:6      | Found Caise's Antique Armour Shoppe.
  6088 | D:6      | Noticed Maggie
  6291 | D:7      | Reached XP level 9. HP: 63/85 MP: 4/15
  6385 | D:7      | Reached skill level 7 in Fighting
  6389 | D:7      | Found Pinon's Assorted Antiques.
  6552 | D:7      | Bought a runed rapier for 231 gold pieces
  6557 | D:7      | Bought a scroll labelled OSEORO HYJOY for 33 gold pieces
  6557 | D:7      | Bought a lumpy brown potion for 29 gold pieces
  6557 | D:7      | Bought a scroll labelled PINEMY TUCRYIT for 33 gold pieces
  6583 | D:7      | Found a bloodstained altar of Trog.
  6615 | D:7      | Found a staircase to the Ecumenical Temple.
  7194 | Temple   | Entered the Ecumenical Temple
  7220 | Temple   | Became a worshipper of Vehumet
  7401 | D:8      | Found a hazy altar of Hepliaklqana.
  7658 | D:8      | Reached skill level 5 in Shields
  7891 | D:8      | Noticed Prince Ribbit
  7897 | D:8      | Killed Prince Ribbit
  8162 | D:9      | Noticed a two-headed ogre
  8171 | D:9      | Killed a two-headed ogre
  8172 | D:9      | Reached skill level 8 in Fighting
  8172 | D:9      | Reached skill level 5 in Conjurations
  8172 | D:9      | Reached skill level 5 in Air Magic
  8172 | D:9      | Reached XP level 10. HP: 96/96 MP: 7/16
  8195 | D:9      | Noticed a boulder beetle
  8196 | D:9      | Reached * piety under Vehumet
  8196 | D:9      | Offered knowledge of Freeze by Vehumet.
  8211 | D:9      | Killed a boulder beetle
  8508 | D:9      | Identified the +4 pair of gloves of the Locust {Harm +Inv}
  8894 | D:9      | Reached skill level 5 in Spellcasting
  8969 | D:9      | Found a staircase to the Lair.
  9378 | Lair:1   | Entered Level 1 of the Lair of Beasts
  9394 | Lair:1   | Reached skill level 9 in Fighting
  9537 | Lair:1   | Reached XP level 11. HP: 83/106 MP: 12/19
 10537 | Lair:2   | Noticed a five-headed hydra
 10549 | Lair:2   | Killed a five-headed hydra
 10810 | Lair:2   | Offered knowledge of Momentum Strike by Vehumet.
 10843 | Lair:2   | Noticed a skyshark
 10847 | Lair:2   | Reached skill level 10 in Fighting
 10848 | Lair:2   | Reached ** piety under Vehumet
 10857 | Lair:2   | HP: 3/109 [skyshark (31)]
 10857 | Lair:2   | Slain by a skyshark

Illustrated notes

Levels and vault maps discovered:
D:1:      dpeg_arrival_round_c, layout_loops_corners
D:2:      layout_loops_cross, ebering_ecumenical_altar_petrified,
          grunt_ministairs_3, st_stairs_5
D:3:      layout_basic, mainiacjoe_overflow_alcove_4, lemuel_doored_altar
D:4:      layout_gridville, chequers_big_river
D:5:      layout_basic, nemelex_xobeh_ov_fountains_minmay, gammafunk_ghost_icy
D:6:      layout_cave_pools, nicolae_gozag_zags_fifth_avenue, serial_glass,
          glass_columns_a, glass_columns_b, glass_columns_b, glass_columns_b,
          glass_columns_c, glass_columns_b, glass_columns_c, glass_columns_b,
          item_on_display_a, feat_on_display, due_unseen_surprise,
          item_on_display_a, gup_sewer_entry_glass, minmay_shop_grid_forest,
          kb_lookout_dungeons_type, lightli_corner_chamber, uniq_maggie,
          uniq_duvessa
D:7:      layout_basic, nicolae_overflow_hidden_temple,
          minmay_temple_entry_trees, serial_bayou, serial_bayou_pond_d,
          serial_bayou_crossing, serial_bayou_pond_c, serial_bayou_pond_e,
          serial_shops, shop, serial_park_tiny_pond
D:8:      layout_loops_ring, worldfamousw_hep_ancestral_shrine,
          uniq_prince_ribbit1
D:9:      layout_layer_cave, david_lair_shrubbed, nzn_sisyphean_effort
Temple:   regret_index_temple_waves
Lair:1:   layout_hall_layers
Lair:2:   wander_river, layout_cave_pods, nicolae_spider_entry_non_spiders,
          chequers_serial_rivers_marsh

Skill      XL: |  1  2  3  4  5  6  7  8  9 10 11 |
---------------+----------------------------------+-----
Poison Magic   | 5 6 7 9 |  9.0
Spellcasting   | 3 4 5 6 |  6.0
Fighting       | 1 3 5 6 8 9 10 | 10.2
Shields        | 2 4 5 6 7 |  7.9
Conjurations   | 2 5 6 |  6.0
Air Magic      | 2 5 6 |  6.1
Dodging        | |  1.5
Stealth        | |  3.0
Transmutations | |  1.0

Action                     |  1- 3 |  4- 6 |  7- 9 | 10-12 || total
---------------------------+-------+-------+-------+-------++-------
  Melee: Unarmed           |     3 |       |       |       ||     3
         Short sword       |     3 |       |    22 |       ||    25
         Dagger            |     2 |    20 |   107 |   135 ||   264
         Staff             |       |     1 |       |       ||     1
         Rapier            |       |       |    41 |       ||    41
   Cast: Sting             |    35 |    56 |    32 |     2 ||   125
         Olgreb's Toxic Ra |       |     5 |    22 |    17 ||    44
         Mephitic Cloud    |       |     1 |    10 |    11 ||    22
         Static Discharge  |       |       |    12 |    40 ||    52
Ability: Spit Poison       |    28 |    44 |    22 |     7 ||   101
  Evoke: Wand              |       |       |       |     8 ||     8
         Box of beasts     |       |       |       |     1 ||     1
    Use: Potion            |       |       |     1 |       ||     1
         Scroll            |       |       |       |    15 ||    15
   Stab: Sleeping          |     2 |     1 |     1 |     1 ||     5
         Distracted        |     1 |       |       |       ||     1
         Confused          |       |     2 |     3 |     5 ||    10
 Armour: Robe              |     2 |     9 |    20 |       ||    31
         Troll leather arm |       |       |    30 |    27 ||    57
  Dodge: Dodged            |     9 |    17 |    89 |    37 ||   152
  Block: Buckler           |       |    11 |   125 |   112 ||   248
         Reflection        |       |       |     8 |     7 ||    15

Table legend: (Time is in decaauts)
 A = Elapsed time spent in this place.
 B = Non-inter-level travel time spent in this place.
 C = Inter-level travel time spent in this place.
 D = Time resting spent in this place.
 E = Time spent auto-exploring this place.
 F = Levels seen in this place.
 G = Mean time per level.
                   A        B        C        D        E       F      G
               +--------+--------+--------+--------+--------+-----+--------+
         Total |  13721 |  12961 |    760 |     26 |  11033 |  13 | 1055.5 |
       Dungeon |  11572 |  10859 |    713 |      0 |   9350 |   9 | 1285.8 |
        Temple |     65 |     37 |     28 |      0 |      0 |   1 |   65.0 |
          Lair |   1859 |   1841 |     18 |     26 |   1542 |   2 |  929.5 |
         Sewer |    224 |    224 |      0 |      0 |    140 |   1 |  224.0 |
               +--------+--------+--------+--------+--------+-----+--------+

Top non-repeatable levels by time:
     D:5: 1945 daAuts
     D:9: 1486 daAuts
  Lair:1: 1371 daAuts
     D:2: 1369 daAuts
     D:7: 1312 daAuts
     D:1: 1238 daAuts
     D:4: 1150 daAuts
     D:8: 1094 daAuts
     D:6: 1038 daAuts
     D:3: 936 daAuts
  Lair:2: 487 daAuts
   Sewer: 224 daAuts
  Temple: 65 daAuts
